 Dungeon Crawl Stone Soup version 0.18-a0-1626-g65af6d3 (webtiles) character file.

12683 Kidiri the Thaumaturge (level 11, 0/61 HPs)
             Began as a Deep Elf Fire Elementalist on Mar 24, 2016.
             Was a High Priest of Vehumet.
             Slain by a catoblepas (7 damage)
             ... on level 3 of the Lair of Beasts.
             The game lasted 01:19:13 (14419 turns).

Kidiri the Thaumaturge (DEFE)                      Turns: 14419, Time: 01:19:13

Health: 0/61       AC:  8    Str:  5    XL:     11   Next: 65%
Magic:  15/29      EV:  2    Int: 22    God:    Vehumet [*****.]
Gold:   831        SH:  0    Dex: 18    Spells: 9 memorised, 5 levels left

rFire  + . .     SeeInvis .     B - +3 dagger (venom)
rCold  x . .     Gourm    .     x - +0 robe {rN+}
rNeg   + + +     Faith    .     d - +0 buckler
rPois  ∞         Spirit   .     G - +1 helmet
rElec  .         Dismiss  .     q - +1 cloak
rCorr  .         Reflect  .     i - +1 pair of gloves
SustAt .         Harm     .     (no boots)
MR     +....     Clarity  +     h - amulet of regeneration
Stlth  ++........               P - ring of fire
                                r - +3 ring of dexterity

@: petrified, somewhat resistant to hostile enchantments, unstealthy
A: berserk 1, clarity, dopey 1, high mp 1, wild magic 1
a: Renounce Religion


You were on level 3 of the Lair of Beasts.
You worshipped Vehumet.
Vehumet was extremely pleased with you.
You were not hungry.

You visited 3 branches of the dungeon, and saw 12 of its levels.
You also visited: Ossuary.

You collected 831 gold pieces.

Inventory:

Hand Weapons
 y - a +3 dagger of freezing
 z - a +3 dagger of holy wrath
 B - a +3 dagger of venom (weapon)
 N - a +3 short sword of draining
Missiles
 Q - 2 throwing nets (quivered)
Armour
 d - a +0 buckler (worn)
 i - a +1 pair of gloves (worn)
 q - a +1 cloak (worn)
 x - a +0 robe of positive energy (worn)
 G - a +1 helmet (worn)
Magical Staves
 f - an uncursed staff of air {unknown}
Jewellery
 h - an amulet of regeneration (around neck)
 r - a +3 ring of dexterity (left hand)
 P - a ring of fire (right hand)
Wands
 e - a wand of flame (20/48)
Scrolls
 c - a scroll of amnesia
 g - 5 scrolls of remove curse
 o - 4 scrolls of magic mapping
 u - 2 scrolls of fear
 w - a scroll of recharging
 F - 3 scrolls of teleportation
Potions
 j - 2 potions of haste
 l - a potion of might
 m - 2 potions of agility
 s - 2 potions of berserk rage
 t - 2 potions of ambrosia
 A - 4 potions of magic {unknown}
 H - a potion of cancellation
 I - a potion of lignification
 J - a potion of invisibility
 K - 2 potions of brilliance
 M - a potion of resistance
 S - a potion of flight
Books
 n - a book of the Dragon

   Spells                             Type                      Level
   a - Flame Tongue                   Conjuration/Fire             1
   b - Cause Fear                     Hexes                        4
   c - Bolt of Fire                   Conjuration/Fire             6
   d - Dragon Form                    Transmutation                7
   e - Dragon's Call                  Summoning                    9
Comestibles
 a - a chunk of flesh
 b - a royal jelly
 k - 8 beef jerkies
 R - 5 bread rations


   Skills:
 + Level 4.0 Fighting
 + Level 4.3 Armour
 * Level 9.8 Dodging
 - Level 2.4 Stealth
 + Level 4.4 Shields
 * Level 10.3 Spellcasting
 + Level 6.0 Conjurations
 + Level 6.7 Hexes
 + Level 3.1 Transmutations
 + Level 6.7 Fire Magic
 + Level 5.7 Earth Magic
 + Level 5.2 Poison Magic


You had 5 spell levels left.
You knew the following spells:

 Your Spells              Type           Power        Failure   Level  Hunger
a - Flame Tongue          Conj/Fire      #####        1%          1    None
b - Throw Flame           Conj/Fire      ######       1%          2    None
c - Conjure Flame         Conj/Fire      ######..     1%          3    None
d - Inner Flame           Hex/Fire       #######.     1%          3    None
e - Sticky Flame          Conj/Fire      ######..     3%          4    ##.....
f - Fireball              Conj/Fire      ######....   6%          5    ####...
g - Sting                 Conj/Pois      ####         1%          1    None
h - Stone Arrow           Conj/Erth      ######       1%          3    None
i - Ignite Poison         Fire/Trmt/Pois ######..     1%          3    None


Dungeon Overview and Level Annotations

Branches:
Dungeon (8/15)             Temple (1/1) D:6            Lair (3/8) D:8
 Spider (0/4) Lair:3
  Swamp: Lair:3-6    Shoals: Lair:3-6

Altars:
Ashenzari
Cheibriados
Dithmenos
Elyvilon
Fedhas
Gozag
Kikubaaqudgha
Makhleb
Nemelex Xobeh
Okawaru
Pakellas
Qazlal
Ru
Sif Muna
Trog
Vehumet
Xom
Yredelemnul
Zin
The Shining One

Shops:
D:5 (

Annotations:
D:5 namelastname112's ghost, novice DrBe


Innate Abilities, Weirdness & Mutations

You tend to lose your temper in combat.
You possess an exceptional clarity of mind.
You are dopey. (Int -2)
You have an increased reservoir of magic (+10% MP).
Your spells are a little harder to cast, but a little more powerful.


Message History

Unknown command.
Casting: Sticky Flame
Confirm with . or Enter, or press ? or * to list all spells.
Aiming: Sticky Flame
Press: ? - help, Shift-Dir - straight line, f - catoblepas, p - porcupine
Aim: a catoblepas (heavily wounded, poisoned)
You feel a surge of power!
The sticky flame hits the catoblepas.
The catoblepas is heavily wounded.
The catoblepas is covered in liquid flames!
The catoblepas burns!
The porcupine is engulfed in calcifying dust.
The catoblepas gores you!!
The porcupine is engulfed in calcifying dust.
The catoblepas barely misses you.
You have turned to stone.
The catoblepas burns!
The catoblepas gores you!
* * * LOW HITPOINT WARNING * * *
The catoblepas burns!
The catoblepas gores you!!
* * * LOW HITPOINT WARNING * * *
The catoblepas burns!
The catoblepas gores you!
You die...

#P..## ##.## ####...###
#.... ###.#....#.# #.#..
... #..........# #####
...... #..........## #
...... ##.#..####..## #
...... ####.#..# #...# #
......#####.####..# #...#
## ........##.Y@...#(#
#...# #.
...<.....r.......# #..##
## .###.....###.##..#
#...####.
#.#..^....###..P#..#.##..
##.......#.##..##........
##...^.##..#..###P......
#^^..#.###..### ####....
##.^..#..%#### #....
##.^^##>^^#...# ###....


You could see a catoblepas (burning) and a porcupine (petrified).

Vanquished Creatures
  A hydra (Lair:2)
  The ghost of Sargon the Grappler, a novice TrMo of the Shining One (D:8)
  Sonja (Lair:1)
  The ghost of Aksel the Twirler, a novice HOFE of Beogh (D:6)
  Pikel (D:6)
  A griffon (Lair:2)
  A wolf spider (Lair:3)
  An elephant (D:8)
  3 komodo dragons (Lair:1)
  Grinder (D:4)
  7 yaks
  A hungry ghost (D:8)
  A basilisk (Lair:1)
  2 hippogriffs
  Menkaure (D:4)
  3 water moccasins (Lair:1)
  6 porcupines
  An orc warrior (D:8)
  2 slaves (D:6)
  3 phantoms
  A sky beast (D:5)
  4 ogres
  8 wolves
  2 centaurs
  2 elf zombies (Ossuary)
  6 crocodiles
  11 giant frogs
  A gnoll sergeant (D:6)
  A scorpion (D:7)
  2 wights (D:7)
  9 howler monkeys
  6 centaur zombies (Ossuary)
  7 crimson imps
  2 quasits
  2 giant frog zombies (D:5)
  4 human zombies (Ossuary)
  A jelly (D:8)
  2 orc priests
  4 hounds
  9 orc wizards
  Jessica (D:2)
  2 iguanas
  Natasha (thrice) (D:4)
  2 worker ants (D:8)
  A sheep (D:8)
  A hound skeleton (D:4)
  3 mummies (Ossuary)
  2 howler monkey skeletons
  8 gnolls
  10 adders
  7 river rats (Lair:2)
  A shadow imp (D:5)
  4 oozes
  A worm (D:6)
  A dart slug (D:3)
  4 giant geckos
  28 orcs
  7 giant cockroaches
  6 goblins
  6 hobgoblins
  8 jackals
  8 kobolds
  2 quokkas
  A ball python (D:3)
  7 bats
  A giant gecko skeleton (D:5)
  4 giant newts
  9 rats
261 creatures vanquished.

Vanquished Creatures (others)
  2 slaves (D:6)
  A gnoll (D:6)
  3 butterflies (D:6)
6 creatures vanquished.

Grand Total: 267 creatures vanquished

Notes
Turn   | Place    | Note
--------------------------------------------------------------
     0 | D:1      | Kidiri the Deep Elf Fire Elementalist began the quest for the Orb.
     0 | D:1      | Reached XP level 1. HP: 10/10 MP: 6/6
   551 | D:1      | Reached XP level 2. HP: 13/15 MP: 2/8
   559 | D:1      | Learned a level 2 spell: Throw Flame
  1103 | D:2      | Reached XP level 3. HP: 19/19 MP: 6/9
  1109 | D:2      | Learned a level 3 spell: Conjure Flame
  1253 | D:2      | Noticed Jessica
  1257 | D:2      | Killed Jessica
  1504 | D:2      | Learned a level 3 spell: Inner Flame
  1523 | D:2      | Found an iron altar of Okawaru.
  1529 | D:2      | Found a radiant altar of Vehumet.
  1537 | D:2      | Became a worshipper of Vehumet
  1560 | D:2      | Reached XP level 4. HP: 24/24 MP: 11/11
  1697 | D:2      | Reached skill level 4 in Spellcasting
  1830 | D:2      | Reached skill level 1 in Hexes
  2297 | D:3      | Reached skill level 1 in Armour
  2436 | D:3      | Reached XP level 5. HP: 17/28 MP: 13/13
  2569 | D:3      | Reached skill level 1 in Shields
  2590 | D:3      | Reached * piety under Vehumet
  2590 | D:3      | Offered knowledge of Sandblast by Vehumet.
  2593 | D:3      | Learned a level 1 spell: Sandblast
  3014 | D:3      | Found an opulent altar of Gozag.
  3108 | D:3      | Found an ancient bone altar of Kikubaaqudgha.
  3149 | D:3      | Reached skill level 1 in Fighting
  3149 | D:3      | Reached XP level 6. HP: 31/34 MP: 6/15
  3158 | D:3      | Learned a level 4 spell: Sticky Flame
  3643 | D:3      | Found a sacrificial altar of Ru.
  4185 | D:4      | Noticed Menkaure
  4354 | D:4      | Noticed Natasha
  4363 | D:4      | Killed Natasha
  4363 | D:4      | Reached skill level 1 in Earth Magic
  4389 | D:4      | Noticed Natasha
  4394 | D:4      | Killed Natasha
  4410 | D:4      | Noticed Natasha
  4414 | D:4      | Killed Natasha
  4520 | D:4      | Reached ** piety under Vehumet
  4520 | D:4      | Reached skill level 5 in Spellcasting
  4529 | D:4      | Offered knowledge of Sting by Vehumet.
  4573 | D:4      | Learned a level 1 spell: Sting
  4665 | D:4      | Reached XP level 7. HP: 30/38 MP: 5/16
  4675 | D:4      | Noticed Grinder
  4686 | D:4      | Killed Grinder
  5359 | D:4      | Killed Menkaure
  5359 | D:4      | Reached skill level 1 in Poison Magic
  5547 | D:5      | Entered Level 5 of the Dungeon
  5660 | D:5      | Noticed namelastname112's ghost (novice DrBe)
  5683 | D:4      | Reached skill level 5 in Dodging
  5683 | D:4      | Reached XP level 8. HP: 24/44 MP: 12/18
  5774 | D:5      | Reached skill level 6 in Spellcasting
  5837 | D:5      | Found Jarhiub's Weapon Shop.
  5872 | D:5      | Got a bloodstained helmet
  5883 | D:5      | Identified the cursed +0 helmet of the Commoners {-Cast rN++ Dex+3} (You found it on level 5 of the Dungeon)
  6159 | D:5      | Found an oddly glowing altar of Pakellas.
  6215 | D:5      | Found a bloodstained altar of Trog.
  6216 | D:5      | Found a blossoming altar of Fedhas.
  6217 | D:5      | Found an oddly glowing altar of Pakellas.
  6624 | D:6      | Noticed Pikel
  6660 | D:6      | Killed Pikel
  6660 | D:6      | Offered knowledge of Ignite Poison by Vehumet.
  6660 | D:6      | Reached skill level 5 in Fire Magic
  6667 | D:6      | Learned a level 5 spell: Fireball
  6702 | D:6      | Found a sand-covered staircase.
  6707 | Ossuary  | Entered an ossuary
  6745 | Ossuary  | Reached skill level 7 in Spellcasting
  6793 | Ossuary  | Reached XP level 9. HP: 40/49 MP: 17/21
  6805 | Ossuary  | Reached *** piety under Vehumet
  7201 | D:6      | Gained mutation: Your spells are a little harder to cast, but a little more powerful. [potion of beneficial mutation]
  7652 | D:6      | Noticed Aksel's ghost (novice HOFE)
  7664 | D:6      | Killed Aksel's ghost
  8025 | D:6      | Found a staircase to the Ecumenical Temple.
  8031 | Temple   | Entered the Ecumenical Temple
  8192 | D:6      | Learned a level 3 spell: Ignite Poison
  8951 | D:7      | Offered knowledge of Stone Arrow by Vehumet.
  8951 | D:7      | Reached skill level 5 in Hexes
  9390 | D:7      | Reached skill level 8 in Spellcasting
  9975 | D:8      | Noticed Sargon's ghost (novice TrMo)
  9990 | D:8      | Reached XP level 10. HP: 56/56 MP: 24/24
 10000 | D:8      | Killed Sargon's ghost
 10240 | D:8      | Noticed an elephant
 10243 | D:8      | Reached **** piety under Vehumet
 10251 | D:8      | Killed an elephant
 10251 | D:8      | Reached skill level 5 in Conjurations
 10333 | D:8      | Found a staircase to the Lair.
 10377 | D:8      | Learned a level 3 spell: Stone Arrow
 10526 | D:8      | Reached skill level 9 in Spellcasting
 10879 | D:8      | Offered knowledge of Iskenderun's Mystic Blast by Vehumet.
 11250 | Lair:1   | Entered Level 1 of the Lair of Beasts
 11852 | Lair:1   | HP: 2/56 [komodo dragon (29)]
 11857 | Lair:1   | Reached skill level 1 in Transmutations
 11857 | Lair:1   | Reached skill level 5 in Earth Magic
 12254 | Lair:1   | Reached XP level 11. HP: 51/60 MP: 22/26
 12335 | Lair:1   | Noticed Sonja
 12336 | Lair:1   | Killed Sonja
 13189 | Lair:2   | Noticed a griffon
 13222 | Lair:2   | Killed a griffon
 13222 | Lair:2   | Reached skill level 10 in Spellcasting
 13222 | Lair:2   | Reached skill level 5 in Poison Magic
 13375 | Lair:2   | Reached ***** piety under Vehumet
 13392 | Lair:2   | Noticed a six-headed hydra
 13399 | Lair:2   | Killed a six-headed hydra
 13873 | Lair:2   | Offered knowledge of Bolt of Draining by Vehumet.
 14102 | Lair:3   | Gained mutation: You possess an exceptional clarity of mind. [potion of mutation]
 14102 | Lair:3   | Gained mutation: You tend to lose your temper in combat. [potion of mutation]
 14103 | Lair:3   | Gained mutation: You have an increased reservoir of magic (+10% MP). [potion of mutation]
 14103 | Lair:3   | Gained mutation: You are dopey. (Int -2) [potion of mutation]
 14281 | Lair:3   | Noticed a catoblepas
 14282 | Lair:3   | Found a hole to the Spider Nest.
 14282 | Lair:3   | Noticed a wolf spider
 14316 | Lair:3   | Killed a wolf spider
 14419 | Lair:3   | Slain by a catoblepas

Vault maps used:
D:1:      lightli_arrival_farm, st_stairs_1
D:2:      amethyst_overflow_temple_binary, uniq_jessica
D:3:      nicolae_gozag_cash_rules_everything_around_me, lemuel_crystal_altar,
          nicolae_ru_path_of_blood
D:4:      first_bread, kennysheep_generic_room_14, uniq_natasha, uniq_menkaure,
          uniq_grinder
D:5:      minitemple, serial_shops, nicolae_shop_statue_plus, eino_tiny_chamber,
          johnstein_pakellas_death_squad
D:6:      lemuel_ice_spiral_2, minmay_temple_entry_butterflies, enter_ossuary_2,
          uniq_pikel
D:7:      grunt_ogre_cave
D:8:      david_lair_generic
Temple:   zaba_magenta_temple_12
Lair:1:   grunt_megastairs_3, uniq_sonja
Lair:3:   spider_nest_entry_rubble, grunt_megastairs_5, uniq_gastronok
Ossuary:  ossuary_minmay_four_chambers

Skill      XL: |  1  2  3  4  5  6  7  8  9 10 11 |
---------------+----------------------------------+-----
Dodging        | 3 4 5 6 7 8 9 |  9.8
Spellcasting   | 4 5 7 8 9 10 | 10.3
Hexes          | 1 2 3 4 5 6 |  6.7
Armour         | 1 2 3 4 |  4.3
Conjurations   | 2 3 4 5 6 |  6.0
Shields        | 1 2 3 4 |  4.4
Fighting       | 1 2 3 4 |  4.0
Fire Magic     | 4 5 6 |  6.7
Earth Magic    | 1 2 3 4 5 |  5.7
Poison Magic   | 1 2 3 4 5 |  5.2
Transmutations | 1 3 |  3.1
Stealth        | |  2.4

Action                   |  1- 3 |  4- 6 |  7- 9 | 10-12 || total
-------------------------+-------+-------+-------+-------++-------
Melee: Dagger            |    12 |    61 |   169 |   117 ||   359
       Unarmed           |     1 |       |       |       ||     1
       Short sword       |       |    38 |       |       ||    38
 Cast: Flame Tongue      |    41 |    83 |   142 |   190 ||   456
       Throw Flame       |     9 |    28 |    35 |    50 ||   122
       Conjure Flame     |       |     3 |     9 |    13 ||    25
       Inner Flame       |       |     2 |     3 |     5 ||    10
       Sticky Flame      |       |     2 |    12 |    23 ||    37
       Fireball          |       |       |     1 |     6 ||     7
Evoke: Wand              |       |       |     3 |       ||     3
  Use: Scroll            |     2 |     2 |    19 |    11 ||    34
       Potion            |       |       |     2 |     4 ||     6
 Stab: Sleeping          |     1 |     2 |       |     2 ||     5
  Eat: Chunk             |     2 |     8 |    10 |    12 ||    32
       Bread ration      |       |     1 |     1 |     1 ||     3
       Beef jerky        |       |       |     1 |       ||     1
